 Dungeon Crawl Stone Soup version 0.29.1-1-gd02db6906a (webtiles) character file.

Game seed: 17189139344180263489

94 corgi the Shooter (level 4, -5/38 HPs)
             Began as a Ghoul Hunter on Oct 14, 2022.
             Was a Follower of Okawaru.
             Slain by a gnoll
             ... wielding a +0 flail
              (11 damage)
             ... on level 3 of the Dungeon.
             The game lasted 00:03:52 (1591 turns).

corgi the Shooter (Ghoul Hunter)                    Turns: 1591, Time: 00:03:52

Health: -5/38      AC:  3    Str: 14    XL:     4   Next: 63%
Magic:  1/3        EV: 15    Int:  4    God:    Okawaru [*.....]
Gold:   81         SH:  0    Dex: 14    Spells: 3/3 levels left

rFire   . . .      SeeInvis .   a - +0 shortbow
rCold   + . .      Faith    .   (shield currently unavailable)
rNeg    + + +      Spirit   .   c - +0 leather armour
rPois   ∞          Reflect  .   (no helmet)
rElec   .          Harm     .   (no cloak)
rCorr   .          Rampage  .   (no gloves)
Will    .....                   (no boots)
Stlth   +++.......              (no amulet)
HPRegen 0.00/turn               (no ring)
MPRegen 0.08/turn               (no ring)

@: heroic, inhibited regen
A: claws 1, cold resistance 1, negative energy resistance 3, inhibited
regeneration, torment resistance 2, devour on kill
a: Renounce Religion, Heroism


You were on level 3 of the Dungeon.
You worshipped Okawaru.
Okawaru was aware of your devotion.
You visited 1 branch of the dungeon, and saw 3 of its levels.

You collected 81 gold pieces.

Inventory:

Hand Weapons
 a - a +0 shortbow (weapon)
Armour
 c - a +0 leather armour (worn)
Scrolls
 b - a scroll of immolation
 d - a scroll of amnesia {unknown}
 e - 3 scrolls of identify {unknown}
 f - 2 scrolls of teleportation {unknown}
 h - a scroll of magic mapping {unknown}
 i - a scroll of enchant armour {unknown}
 k - a scroll of silence {unknown}
Potions
 g - a potion of brilliance {unknown}
 j - a potion of degeneration {unknown}


   Skills:
 + Level 3.0(8.0) Fighting
 * Level 4.3(9.3) Ranged Weapons
 + Level 2.4(7.4) Dodging
 - Level 2.1(7.1) Stealth
 + Level 0.6 Invocations


You had 3 spell levels left.
You didn't know any spells.
Your spell library contained the following spells:

 Spells                   Type           Power      Damage    Failure   Level
 Frozen Ramparts          Ice            0%         1d1       91%         3
 Ice Form                 Ice/Tmut       Unusable   N/A       N/A         4
 Summon Ice Beast         Ice/Summ       Unusable   N/A       N/A         4

Dungeon Overview and Level Annotations

Branches:
Dungeon (3/15)

Altars:
Okawaru

Annotations:
D:3 TheGhostDragon952's ghost, amateur MiBe


Innate Abilities, Weirdness & Mutations

You are immune to poison.
You have sharp fingernails.
Your flesh is cold resistant. (rC+)
You are immune to negative energy. (rN+++)
You do not regenerate when monsters are visible.
You are immune to unholy pain and torment.
You thrive by killing the living.


Message History

The gnoll is heavily wounded.
A gnoll comes into view. It is wielding a +0 club.
The gnoll closely misses you.
The orc priest mumbles some strange prayers to Beogh against you.
Beogh smites you!
The gnoll moves out of view.
The gnoll attacks as you move away! The gnoll hits you with a +0 flail!
The orc priest attacks as you move away!
The orc priest completely misses you.
You gain the combat prowess of a mighty hero.
The gnoll hits you with a +0 flail.
The orc priest miscasts a cantrip.
Fire: a) +0 shortbow
Press: ? - help, Q - select action, (/) - cycle Shift-Dir - straight line, f/p - gnoll
Aim: a gnoll, wielding a +0 flail (heavily wounded, 70% to hit)
You shoot an arrow. The arrow barely misses the gnoll.
The arrow barely misses the orc priest.
The gnoll misses you.
The orc priest looks braver for a moment.
Fire: a) +0 shortbow
Press: ? - help, Q - select action, (/) - cycle Shift-Dir - straight line, f/p - gnoll
Aim: a gnoll, wielding a +0 flail (heavily wounded, 70% to hit)
You shoot an arrow. The arrow barely misses the gnoll.
The arrow hits the orc priest!
The orc priest is severely wounded.
The gnoll hits you with a +0 flail.
* * * LOW HITPOINT WARNING * * *
Fire: a) +0 shortbow
Press: ? - help, Q - select action, (/) - cycle Shift-Dir - straight line, f/p - gnoll
Aim: a gnoll, wielding a +0 flail (heavily wounded, 70% to hit)
You shoot an arrow. The arrow hits the gnoll.
The gnoll is heavily wounded.
The gnoll misses you.
Fire: a) +0 shortbow
Press: ? - help, Q - select action, (/) - cycle Shift-Dir - straight line, f/p - gnoll
Aim: a gnoll, wielding a +0 flail (heavily wounded, 70% to hit)
You shoot an arrow.
The arrow hits the gnoll but does no damage.
The gnoll is heavily wounded.
The gnoll hits you with a +0 flail!
You die...

#### #### #.. ..# #.#
#.########.##
##.####.##...##...#
......)og@........###.#
.#......###..##.......#
..).##### ##.###(######
..#


.ZZ #..##.# #. . ..... ##.##.##### #. ..###. #........# #. ..##.... #..#.###.#
#. ...#.....##..#.# .####. #...Z.#...#..##...... You could see an orc priest and
a gnoll.

Vanquished Creatures
  2 adders (D:2)
  3 dart slugs
  6 orcs (D:3)
  9 endoplasms
  3 giant cockroaches
  6 hobgoblins
  2 jackals (D:1)
  3 kobolds
  4 ball pythons
  8 bats
  6 frilled lizards
  6 goblins
  2 rats
60 creatures vanquished.

Vanquished Creatures (others)
  3 demonic plants (D:2)
  2 fungi (D:2)
  3 plants (D:2)
  9 withered plants (D:2)
17 creatures vanquished.

Grand Total: 77 creatures vanquished

Notes
Turn   | Place    | Note
-------+----------+-------------------------------------------
     0 | D:1      | corgi the Ghoul Hunter began the quest for the Orb.
     0 | D:1      | Reached XP level 1. HP: 17/17 MP: 0/0
   142 | D:1      | Reached XP level 2. HP: 25/25 MP: 1/1
   395 | D:1      | Reached skill level 4 in Ranged Weapons
   395 | D:1      | Reached XP level 3. HP: 30/30 MP: 2/2
   788 | D:2      | Found a faded altar of an unknown god.
   807 | D:2      | Prayed at the altar of an unknown god.
   807 | D:2      | Became a worshipper of Warmaster Okawaru
   807 | D:2      | Reached * piety under Okawaru
   955 | D:2      | Reached XP level 4. HP: 37/37 MP: 3/3
  1551 | D:3      | Noticed TheGhostDragon952's ghost (amateur MiBe)
  1591 | D:3      | Slain by a gnoll

Illustrated notes

Levels and vault maps discovered:
D:1:      lightli_arrival_farm, layout_basic
D:2:      layout_loops_ring, shapermc_ecumenical_altar_gd
D:3:      kennysheep_goblin_castle, layout_loops_cross, gammafunk_ghost_icy,
          chequers_serial_rivers_marsh

Skill      XL: |  1  2  3  4 |
---------------+-------------+-----
Dodging        | 2 |  2.4
Ranged Weapons | 4 |  4.3
Stealth        | 2 |  2.1
Fighting       | 3 |  3.0
Invocations    | |  0.6

Action                   |  1- 3 |  4- 6 || total
-------------------------+-------+-------++-------
 Fire: Shortbow          |    92 |    68 ||   160
Invok: Heroism           |       |     1 ||     1
  Use: Potion            |     5 |       ||     5
Armor: Leather armour    |     7 |     2 ||     9
Dodge: Dodged            |    28 |    14 ||    42
